 Dungeon Crawl Stone Soup version 0.22-a0-409-gb855193d78 (webtiles) character file.

503 stebot76 the Chopper (level 6, -9/55 HPs)
             Began as a Draconian Berserker on May 11, 2018.
             Was a Priest of Trog.
             Mangled by Crazy Yiuf
             ... wielding a +2 quarterstaff of chaos
              (13 damage)
             ... on level 3 of the Dungeon.
             The game lasted 00:13:29 (3882 turns).

stebot76 the Chopper (Draconian Berserker)          Turns: 3882, Time: 00:13:30

Health: -9/55      AC:  6    Str: 21    XL:     6   Next: 96%
Magic:  0/6        EV: 13    Int:  7    God:    Trog [***...]
Gold:   119        SH:  0    Dex: 11    Spells: 5/5 levels left

rFire    . . .     SeeInvis .   a - +0 hand axe
rCold    . . .     Gourm    .   (no shield)
rNeg     . . .     Faith    .   (armour unavailable)
rPois    .         Spirit   +   (helmet restricted)
rElec    .         Reflect  .   (no cloak)
rCorr    .         Harm     .   (no gloves)
MR       .....                  (no boots)
Stlth    +.........             g - amulet of guardian spirit
HPRegen  0.18/turn              (no ring)
MPRegen  0.10/turn              (no ring)

@: lethally poisoned (-9 -> -28), berserk cooldown, slowed, drained, very slow
A: unfitting armour, cold-blooded, AC +6
a: Berserk, Trog's Hand, Renounce Religion


You were on level 3 of the Dungeon.
You worshipped Trog.
Trog was most pleased with you.
You were very hungry.

You visited 1 branch of the dungeon, and saw 3 of its levels.

You collected 119 gold pieces.

Inventory:

Hand Weapons
 a - a +0 hand axe (weapon)
 c - a +0 long sword of holy wrath
 m - a cursed -1 mace
Jewellery
 f - an uncursed ring of flight {unknown}
 g - an amulet of guardian spirit (around neck)
 i - an uncursed amulet of guardian spirit
 j - a +5 ring of strength {unknown}
Scrolls
 d - a scroll of noise {unknown}
 e - 2 scrolls of enchant armour
 l - a scroll of blinking {unknown}
Potions
 h - 3 potions of curing {unknown}
 k - 2 potions of flight {unknown}
Comestibles
 b - 2 rations


   Skills:
 * Level 4.9(4.7) Fighting
 * Level 6.0(5.7) Axes
 * Level 4.2(3.9) Dodging
 + Level 0.9(0.6) Stealth


You had 5 spell levels left.
You didn't know any spells.

Dungeon Overview and Level Annotations

Branches:
Dungeon (3/15)

Altars:
Elyvilon
Xom

Annotations:
D:3 Crazy Yiuf


Innate Abilities, Weirdness & Mutations

Your plain brown scales are hard. (AC +6)
You cannot fit into any form of body armour.
You are cold-blooded and may be slowed by cold attacks.


Message History

Crazy Yiuf hits you with a quarterstaff of chaos!
You are lethally poisoned!
You hit Crazy Yiuf but do no damage.
Crazy Yiuf is lightly wounded.
* * * LOW HITPOINT WARNING * * *
You feel very sick. Crazy Yiuf misses you.
You hit Crazy Yiuf.
Crazy Yiuf is heavily wounded.
* * * LOW HITPOINT WARNING * * *
You feel very sick.
Crazy Yiuf says, "Cod!
Proton sing ragdoll."
Crazy Yiuf hits you with a quarterstaff of chaos.
* * * LOW HITPOINT WARNING * * *
You barely miss Crazy Yiuf.
Crazy Yiuf is heavily wounded.
* * * LOW HITPOINT WARNING * * *
You feel very sick.
Crazy Yiuf hits you with a quarterstaff of chaos!
You die...

#####
#######
#..)#
#.....#
#.g)#
######.#####
#)@.#
#......#
##'##
#.######
##.# ..#
#.## .##
##.# ###
#)## .<#
##.##
#.########
#...##
#).......###
#.#..#


You could see Crazy Yiuf.

Vanquished Creatures
  Sigmund (D:3)
  An orc warrior (D:2)
  3 orc wizards (D:2)
  Jessica (D:3)
  A gnoll (D:1)
  3 adders
  2 oozes
  A worm (D:2)
  A dart slug (D:1)
  2 leopard geckos (D:2)
  15 orcs
  A ball python (D:2)
  5 giant cockroaches
  7 goblins
  4 hobgoblins
  7 jackals
  7 kobolds
  3 quokkas (D:2)
  7 bats
  3 frilled lizards
  5 rats
80 creatures vanquished.

Vanquished Creatures (others)
  A rat (D:2)
1 creature vanquished.

Grand Total: 81 creatures vanquished

Notes
Turn   | Place    | Note
-------+----------+-------------------------------------------
     0 | D:1      | stebot76 the Draconian Berserker began the quest for the Orb.
     0 | D:1      | Reached XP level 1. HP: 19/19 MP: 1/1
   232 | D:1      | Reached XP level 2. HP: 26/26 MP: 2/2
   477 | D:1      | Reached ** piety under Trog
   520 | D:1      | Reached XP level 3. HP: 33/33 MP: 3/3
  1164 | D:2      | Found a white marble altar of Elyvilon.
  1332 | D:2      | Reached XP level 4. HP: 39/40 MP: 4/4
  1373 | D:2      | Reached skill level 4 in Axes
  1731 | D:2      | Noticed an orc warrior
  1759 | D:2      | Reached XP level 5. HP: 26/46 MP: 3/5
  2376 | D:2      | Killed an orc warrior
  2376 | D:2      | Reached skill level 5 in Axes
  2376 | D:2      | Reached XP level 6. HP: 11/53 MP: 1/6
  2800 | D:3      | Noticed Jessica
  2808 | D:3      | Killed Jessica
  2916 | D:3      | Reached *** piety under Trog
  3101 | D:3      | Noticed Sigmund
  3110 | D:3      | Killed Sigmund
  3110 | D:3      | Reached skill level 6 in Axes
  3302 | D:3      | Found a faded altar of an unknown god.
  3621 | D:3      | Found a shimmering altar of Xom.
  3766 | D:3      | Found a runed door.
  3872 | D:3      | Noticed Crazy Yiuf
  3882 | D:3      | Mangled by Crazy Yiuf

Vault maps used:
D:1:      ncdulo_lavacross
D:2:      elyvilon_altar_4
D:3:      nicolae_overflow_crystal_walls,
          chequers_ecumenical_altar_simple_redux, lightli_corner_chamber,
          uniq_crazy_yiuf_cottage, uniq_jessica, uniq_sigmund

Skill      XL: |  1  2  3  4  5  6 |
---------------+-------------------+-----
Dodging        | 3 4 |  4.2
Fighting       | 4 |  4.9
Axes           | 4 5 6 |  6.0
Stealth        | |  0.9

Action                   |  1- 3 |  4- 6 || total
-------------------------+-------+-------++-------
Melee: Hand axe          |   109 |   164 ||   273
       Tailslap          |    11 |    19 ||    30
Invok: Berserk           |       |     5 ||     5
       Trog's Hand       |       |     1 ||     1
  Use: Scroll            |     2 |     2 ||     4
       Potion            |       |     2 ||     2
 Stab: Sleeping          |     1 |       ||     1
  Eat: Ration            |     3 |     1 ||     4
Armor: Skin              |    33 |    39 ||    72
Dodge: Dodged            |    79 |    88 ||   167

Table legend:
 A = Spawn XP
 B = Non-spawn XP
 C = Spawn XP percentage of total XP
 D = Spawn monster count
 E = Non-spawn monster count
 F = Spawn count percentage of total count
 G = Total turns spent on level
                    A         B        C        D         E        F      G
               +---------+---------+-------+---------+---------+-------+---------
         Total |       0 |     719 |   0.0 |       0 |      80 |   0.0 |  3882
               +---------+---------+-------+---------+---------+-------+---------
           D:1 |       0 |      63 |   0.0 |       0 |      27 |   0.0 |  1076
           D:2 |       0 |     328 |   0.0 |       0 |      25 |   0.0 |  1718
           D:3 |       0 |     328 |   0.0 |       0 |      28 |   0.0 |  1088
               +---------+---------+-------+---------+---------+-------+---------
